 Dungeon Crawl Stone Soup version 0.17-a0-1582-ge6b0260 (webtiles) character file.

464 Jb9000 the Shield-Bearer (level 7, -4/53 HPs)
             Began as a Human Fighter on July 27, 2015.
             Slain by an orc warrior
             ... wielding a +0 mace
              (10 damage)
             ... on level 4 of the Dungeon.
             The game lasted 00:15:51 (4605 turns).

Jb9000 the Shield-Bearer (Human Fighter)            Turns: 4605, Time: 00:15:51

Health: -4/53      AC:  8    Str: 17    XL:     7   Next: 29%
Magic:  9/9        EV:  8    Int:  9    God:
Gold:   177        SH:  9    Dex: 13    Spells: 0 memorised, 9 levels left

rFire  + . .     SeeInvis .     o - +2 short sword (vamp)
rCold  x . .     Clarity  .     b - +0 scale mail
rNeg   . . .     SustAt   .     c - +0 shield
rPois  .         Gourm    .     (no helmet)
rElec  .         Spirit   .     q - +0 cloak
rCorr  .         Warding  .     (no gloves)
rMut   .         Stasis   .     (no boots)
MR     .....                    (no amulet)
Stlth  +.........               (no ring)
                                r - ring of fire

@: not resistant to hostile enchantments, very unstealthy
A: no striking features
a: no special abilities


You were on level 4 of the Dungeon.
You were not hungry.

You visited 1 branch of the dungeon, and saw 4 of its levels.

You collected 177 gold pieces.

Inventory:

Hand weapons
 a - a +0 war axe
 o - a +2 vampiric short sword (weapon)
Missiles
 f - 52 arrows
 h - 4 tomahawks (quivered)
 l - 11 poisoned needles
 w - 16 bolts
Armour
 b - a +0 scale mail (worn)
 c - a +0 shield (worn)
 q - a +0 cloak (worn)
Magical staves
 d - an uncursed staff of conjuration {unknown}
Jewellery
 r - a ring of fire (left hand)
Magical devices
 y - a wand of flame (44)
Scrolls
 i - 3 scrolls of identify
 j - a scroll of magic mapping {unknown}
 s - a scroll of fear
Potions
 k - a potion of curing {unknown}
 p - a potion of haste {unknown}
 t - a potion of cancellation {unknown}
 v - 2 potions of lignification {unknown}
Comestibles
 e - 4 bread rations
 g - 2 meat rations
 z - 4 chunks of flesh


   Skills:
 + Level 3.8 Fighting
 * Level 2.4 Short Blades
 - Level 2.4 Axes
 + Level 0.2 Throwing
 + Level 3.8 Armour
 + Level 1.9 Dodging
 * Level 3.4 Stealth
 + Level 3.9 Shields
 + Level 1.6 Spellcasting


You had 9 spell levels left.
You didn't know any spells.

Dungeon Overview and Level Annotations

Branches:
Dungeon (4/15)
 Temple: D:4-7

Altars:
Xom

Annotations:
D:3 urechis's ghost, average GrWz


Message History

It is a scroll of enchant weapon.
Enchant which weapon? (? for menu, Esc to quit)
Your +1 vampiric short sword glows red for a moment.
You block the orc warrior's attack. The orc hits you with a flail.
Read which item? (? for menu, Esc to quit)
As you read the scroll labeled LEYTISS RYOSAC, it crumbles to dust.
You assume a fearsome visage.
The orc warrior looks frightened!
The orc looks frightened!
It was a scroll of fear.
Evoke which item? (* to show all) (? for menu, Esc to quit)
Zapping:
y - a wand of flame (45)
Press: ? - help, Shift-Dir - straight line, f/p - orc warrior
Aim: an orc warrior, wielding a mace and wearing a plate armour (lightly wounded, fleeing)
The puff of flame hits the orc warrior.
The orc warrior appears unharmed.
The orc warrior is lightly wounded.
Your attack snaps the orc warrior out of its fear.
This wand has 44 charges left.
The orc warrior throws a tomahawk.
The tomahawk hits you!
* * * LOW HITPOINT WARNING * * *
The orc warrior hits you with a mace!
You die...

##..)..# #......#
##....## #.......
#.....# ##.....(.
##...>####......##
#......##.....####
#............##
##............# .
##.....##......#
..!###.o@(.###.^^^..#
........(### #.^_^.##
.<......## #..^^..#
#...>.o.# #......#
##......# #####..#
##...... #..# #
#...##. .... # ##..
.. # #.# ##


You could see an orc warrior and an orc (fleeing).

Vanquished Creatures
  An ogre (D:4)
  An iguana (D:3)
  An orc priest (D:4)
  2 orc wizards
  4 worker ants (D:4)
  A gnoll (D:1)
  7 adders
  2 oozes
  6 giant geckos
  7 orcs
  10 bats
  A giant cockroach (D:1)
  16 goblins
  9 hobgoblins
  3 jackals (D:1)
  10 kobolds
  A quokka (D:3)
  3 ball pythons
  7 giant newts
  9 rats
101 creatures vanquished.

Notes
Turn   | Place    | Note
--------------------------------------------------------------
     0 | D:1      | Jb9000 the Human Fighter began the quest for the Orb.
     0 | D:1      | Reached XP level 1. HP: 18/18 MP: 1/1
   179 | D:1      | Reached skill level 1 in Stealth
   179 | D:1      | Reached XP level 2. HP: 10/24 MP: 2/2
   376 | D:1      | Reached XP level 3. HP: 26/29 MP: 3/3
  1216 | D:2      | Reached XP level 4. HP: 35/35 MP: 5/5
  1629 | D:2      | Reached skill level 1 in Spellcasting
  2046 | D:3      | Reached skill level 1 in Short Blades
  2094 | D:3      | Reached XP level 5. HP: 19/41 MP: 6/6
  2229 | D:3      | Noticed urechis's ghost (average GrWz)
  2677 | D:3      | Reached skill level 1 in Dodging
  2733 | D:3      | Reached XP level 6. HP: 47/47 MP: 7/7
  3277 | D:4      | Found a shimmering altar of Xom.
  4049 | D:4      | Reached XP level 7. HP: 38/53 MP: 9/9
  4584 | D:4      | Noticed an orc warrior
  4605 | D:4      | Slain by an orc warrior

Vault maps used:
D:1:      minmay_arrival_wavy_path
D:3:      first_bread, nicolae_ru_the_path_less_chosen
D:4:      xom_teletrap_fun

Action                   |  1- 3 |  4- 6 |  7- 9 || total
-------------------------+-------+-------+-------++-------
Melee: War axe           |    98 |    14 |       ||   112
       Short sword       |       |   332 |    41 ||   373
Evoke: Wand              |       |     5 |    10 ||    15
  Use: Potion            |       |     4 |       ||     4
       Scroll            |       |     1 |     5 ||     6
  Eat: Chunk             |     1 |     4 |       ||     5
       Bread ration      |       |     1 |       ||     1
       Meat ration       |       |     2 |       ||     2
